 Dungeon Crawl Stone Soup version 0.29.1-13-g9f3cf754e1 (webtiles) character file.

Game seed: 13128855826950563320

778 Thatpatchoflichen the Shooter (level 8, -3/51 HPs)
             Began as a Kobold Hunter on Jan 21, 2023.
             Slain by an iguana (11 damage)
             ... on level 4 of the Dungeon.
             The game lasted 00:23:27 (5497 turns).

Thatpatchoflichen the Shooter (Kobold Hunter)       Turns: 5497, Time: 00:23:28

Health: -3/51      AC:  9    Str:  8    XL:     8   Next: 10%
Magic:  8/8        EV: 12    Int: 11    God:
Gold:   237        SH:  0    Dex: 20    Spells: 7/7 levels left

rFire   + . .      SeeInvis .   a - +0 shortbow
rCold   . . .      Faith    .   (shield currently unavailable)
rNeg    + . .      Spirit   .   D - +3 scale mail {rF+}
rPois   .          Reflect  .   (no helmet)
rElec   .          Harm     .   (no cloak)
rCorr   .          Rampage  .   (no gloves)
Will    .....                   (no boots)
Stlth   ++........              (no amulet)
HPRegen 0.17/turn               d - ring of positive energy
MPRegen 0.11/turn               (no ring)

@: no status effects
A: small, no large weapons, nightstalker 3
a: no special abilities


You were on level 4 of the Dungeon.
You visited 1 branch of the dungeon, and saw 5 of its levels.
You also visited: Sewer.

You collected 237 gold pieces.

Inventory:

Hand Weapons
 a - a +0 shortbow (weapon)
 c - the +5 dagger "Pebosu" {vorpal, rCorr Str-2 Dex+9 Stlth-}
   (You found it on level 3 of the Dungeon)

   It inflicts extra damage upon your enemies.
   Str:       It affects your strength (-2).
   Dex:       It affects your dexterity (+9).
   rCorr:     It protects you from acid and corrosion.
   Stlth:     It makes you less stealthy.
 y - a +1 whip of electrocution
 G - the +3 dagger "Binoskugh" {vorpal, Str+4}
   (You found it on level 3 of the Dungeon)

   It inflicts extra damage upon your enemies.
   Str:       It affects your strength (+4).
Missiles
 e - 46 poisoned darts
Armour
 s - the +0 robe of the Circus Animal {-Cast rElec Will+}
   (You found it on level 4 of the Dungeon)

   rElec:     It insulates you from electricity.
   -Cast:     It prevents spellcasting.
   Will:      It increases your willpower.
 D - a +3 scale mail of fire resistance (worn)
Jewellery
 d - a ring of positive energy (left hand)
Wands
 f - a wand of paralysis (9)
 E - a wand of flame (16)
Scrolls
 b - 2 scrolls of immolation
 g - 8 scrolls of teleportation
 j - 2 scrolls of enchant armour {unknown}
 k - 4 scrolls of noise
 l - 3 scrolls of poison
 n - a scroll of torment {unknown}
 p - a scroll of magic mapping {unknown}
 r - 4 scrolls of amnesia
 v - a scroll of blinking {unknown}
 B - 3 scrolls of butterflies {unknown}
Potions
 h - a potion of attraction {unknown}
 i - 2 potions of heal wounds
 m - a potion of magic {unknown}
 o - a potion of degeneration {unknown}
 q - a potion of curing
 t - a potion of cancellation {unknown}
 u - 2 potions of invisibility
 w - a potion of might {unknown}
 z - a potion of brilliance {unknown}
 A - a potion of haste {unknown}
 F - a potion of mutation {unknown}


   Skills:
 + Level 6.2 Fighting
 + Level 7.2 Ranged Weapons
 - Level 1.0 Armour
 + Level 6.2 Dodging
 + Level 2.5 Stealth


You had 7 spell levels left.
You didn't know any spells.
Your spell library contained the following spells:

 Spells                   Type           Power      Damage    Failure   Level
 Apportation              Tloc           0%         N/A       98%         1
 Necrotise                Necr           0%         1d4       98%         1
 Summon Small Mammal      Summ           0%         N/A       98%         1
 Conjure Flame            Conj/Fire      0%         6-21      100%        3
 Ignite Poison            Fire/Tmut/Pois 0%         N/A       100%        3
 Summon Guardian Golem    Hex/Summ       0%         N/A       100%        3
 Sticky Flame             Conj/Fire      0%         2d3       100%        4
 Orb of Destruction       Conj           0%         9d5       100%        7
 Spellforged Servitor     Conj/Summ      0%         N/A       100%        7


Dungeon Overview and Level Annotations

Branches:
Dungeon (5/15)              Sewer (visited)
 Temple: D:4-7

Altars:
Makhleb

Shops:
D:2 ([


Innate Abilities, Weirdness & Mutations

You are small and have problems with some larger weapons.
You are completely attuned to the shadows.


Message History

Fire: a) +0 shortbow
Press: ? - help, Q - select action, (/) - cycle Shift-Dir - straight line, f/p - iguana
Aim: an iguana (71% to hit)
You shoot an arrow. The arrow hits the iguana!
The iguana is severely wounded.
The iguana misses you.
Fire: a) +0 shortbow
Press: ? - help, Q - select action, (/) - cycle Shift-Dir - straight line, f/p - iguana
Aim: an iguana (severely wounded, 71% to hit)
You shoot an arrow. The arrow closely misses the iguana.
The iguana bites you!
The iguana bites you but does no damage.
Fire: a) +0 shortbow
Press: ? - help, Q - select action, (/) - cycle Shift-Dir - straight line, f/p - iguana
Aim: an iguana (severely wounded, 71% to hit)
You shoot an arrow. The arrow barely misses the iguana.
The iguana bites you.
The iguana hisses menacingly.
The iguana bites you but does no damage.
Fire: a) +0 shortbow
Press: ? - help, Q - select action, (/) - cycle Shift-Dir - straight line, f/p - iguana
Aim: an iguana (severely wounded, 71% to hit)
You shoot an arrow. The arrow closely misses the iguana.
The iguana barely misses you.
Unknown command.
Fire: a) +0 shortbow
Press: ? - help, Q - select action, (/) - cycle Shift-Dir - straight line, f/p - iguana
Aim: an iguana (severely wounded, 71% to hit)
You shoot an arrow. The arrow hits the iguana.
The iguana is almost dead.
The iguana bites you! x2
* * * LOW HITPOINT WARNING * * *
Fire: a) +0 shortbow
Press: ? - help, Q - select action, (/) - cycle Shift-Dir - straight line, f/p - iguana
Aim: an iguana (almost dead, 71% to hit)
You shoot an arrow.
The arrow hits the iguana but does no damage.
The iguana is almost dead.
The iguana bites you!
You die...

#.# ...........##.## ### #.#
.......######.# ##†.
.####.##.###.#.# #.# #...
.............#.# ##'## #†≈#
#.###.###.....#.# ##...## #~≈#
...##.# ..... ##.....## #.≈#
#..##.# ####..## ##.......## #~≈#
...##.###.#....###.........###.≈#
.........#......@l.).......'.#~≈#
.#.######.#..†.###..)......##~~~#
.#.# ##.##.######.......###~~~#
.#.## ..........###.....## #.~##
.#... ####.####........## #.##
...# ##.....##.####..## #.# .###
#.......#.## #..# <# #.......#..#
#..# .# ...._......###..###


You could see an iguana.

Vanquished Creatures
  Sigmund (D:3)
  3 kobold brigands (Sewer)
  A scorpion (D:4)
  2 orc priests
  Terence (D:3)
  7 river rats (Sewer)
  7 adders
  3 shadow imps (D:3)
  2 worms (D:2)
  A dart slug (D:3)
  6 orcs (D:4)
  6 ball pythons
  3 endoplasms
  6 giant cockroaches
  4 goblins
  8 hobgoblins
  5 jackals
  11 quokkas
  3 bats
  19 kobolds
  23 rats
122 creatures vanquished.

Vanquished Creatures (others)
  7 fungi (D:1)
  8 plants (D:1)
15 creatures vanquished.

Grand Total: 137 creatures vanquished

Notes
Turn   | Place    | Note
-------+----------+-------------------------------------------
     0 | D:1      | Thatpatchoflichen the Kobold Hunter began the quest for the
                  | Orb.
     0 | D:1      | Reached XP level 1. HP: 12/12 MP: 1/1
   209 | D:1      | Reached XP level 2. HP: 17/17 MP: 2/2
   411 | D:1      | Reached skill level 6 in Ranged Weapons
   420 | D:1      | Found a faded altar of an unknown god.
   428 | D:1      | Reached XP level 3. HP: 22/22 MP: 3/3
  1005 | D:2      | Reached XP level 4. HP: 25/27 MP: 4/4
  1184 | D:2      | Found Bylojax's Armour Emporium.
  1426 | D:2      | Found Jeddohan's Weapon Shoppe.
  1612 | D:3      | Reached skill level 1 in Armour
  1644 | D:4      | Noticed a sky beast
  2002 | D:4      | Reached XP level 5. HP: 11/32 MP: 5/5
  2025 | D:4      | HP: 1/32 [quokka (4)]
  2038 | D:4      | Found a glowing drain.
  2046 | Sewer    | Entered a sewer
  2250 | Sewer    | Noticed a kobold brigand
  2258 | Sewer    | Killed a kobold brigand
  2259 | Sewer    | Reached XP level 6. HP: 31/38 MP: 6/6
  2364 | Sewer    | Reached skill level 5 in Dodging
  3226 | Sewer    | Reached skill level 5 in Fighting
  3228 | Sewer    | Reached XP level 7. HP: 36/44 MP: 7/7
  3853 | D:3      | Identified the +3 dagger "Binoskugh" {vorpal, Str+4}
  3857 | D:3      | Found a transporter.
  3881 | D:3      | Found a transporter.
  3911 | D:3      | Identified the +5 dagger "Pebosu" {vorpal, rCorr Str-2
                  | Dex+9 Stlth-}
  3986 | D:3      | Noticed Sigmund
  4004 | D:3      | Killed Sigmund
  4366 | D:3      | Noticed Terence
  4372 | D:3      | Killed Terence
  4373 | D:3      | Reached skill level 7 in Ranged Weapons
  4898 | D:3      | Reached XP level 8. HP: 32/51 MP: 8/8
  5129 | D:5      | Entered Level 5 of the Dungeon
  5468 | D:4      | Found a burning altar of Makhleb.
  5472 | D:4      | Identified the +0 robe of the Circus Animal {-Cast rElec
                  | Will+}
  5497 | D:4      | Slain by an iguana

Illustrated notes

Levels and vault maps discovered:
D:1:      eino_arrival_water_cross, layout_rooms,
          shapermc_ecumenical_altar_mp_urbaneastern, grunt_decor_cap
D:2:      layout_rooms, serial_curves, eino_curves_02, eino_curves_03,
          serial_shops, shop, nicolae_shop_hallway_stairs, minivault_14,
          st_stairs_11, minmay_fountain_box, minmay_split_cup_small
D:3:      gammafunk_wand_slinger, layout_loops_cross, hangedman_glass_teeth,
          uniq_terence, uniq_sigmund
D:4:      layout_loops_corners, old_standard_altar, gup_sewer_entry_pipe
D:5:      layout_loops_corners, temple_pool_b

Skill      XL: |  1  2  3  4  5  6  7 |
---------------+----------------------+-----
Ranged Weapons | 6 7 |  7.2
Dodging        | 3 4 5 6 |  6.2
Armour         | 1 |  1.0
Fighting       | 3 4 5 6 |  6.2
Stealth        | 2 |  2.5

Action                   |  1- 3 |  4- 6 |  7- 9 || total
-------------------------+-------+-------+-------++-------
 Fire: Shortbow          |    75 |   157 |   142 ||   374
  Use: Scroll            |       |     4 |     2 ||     6
       Potion            |       |     1 |     2 ||     3
Armor: Leather armour    |     5 |    17 |    12 ||    34
       Scale mail        |       |       |     8 ||     8
Dodge: Dodged            |    36 |   138 |    94 ||   268
